 Dungeon Crawl Stone Soup version 0.30-b1-2-g02819fbbbe (webtiles) character file.

Game seed: 9693713875834619008

4 Armakuni the Cudgeller (level 1, -1/17 HPs)
             Began as a Demigod Reaver on May 14, 2023.
             Slain by a quokka (2 damage)
             ... on level 1 of the Dungeon.
             The game lasted 00:00:50 (158 turns).

Armakuni the Cudgeller (Demigod Reaver)              Turns: 158, Time: 00:00:50

Health: -1/17      AC:  5    Str: 13    XL:     1   Next: 40%
Magic:  5/5        EV: 10    Int: 15    God:
Gold:   37         SH:  0    Dex: 12    Spells: 2/3 levels left

rFire   . . .        a - +0 mace
rCold   . . .        (no shield)
rNeg    . . .        d - +0 ring mail
rPois   .            (no helmet)
rElec   .            (no cloak)
rCorr   .            (no gloves)
SInv    .            (no boots)
Will    .....        (no amulet)
Stlth   +            (no ring)
HPRegen 0.22/turn    (no ring)
MPRegen 0.09/turn

%: no passive effects
@: no status effects
A: high MP 1, forlorn, divine attributes
a: no special abilities


You were on level 1 of the Dungeon.
You visited 1 branch of the dungeon, and saw 1 of its levels.

You collected 37 gold pieces.

Inventory:

Hand Weapons
 a - a +0 mace (weapon)
Armour
 b - a +0 leather armour
 d - a +0 ring mail (worn)


   Skills:
 + Level 2.0 Fighting
 + Level 2.8 Maces & Flails
 - Level 1.7 Dodging
 - Level 1.7 Spellcasting
 - Level 2.6 Conjurations


You had 2 spell levels left.
You knew the following spells:

 Your Spells              Type           Power      Damage    Failure   Level
a - Kiss of Death         Conj/Necr      20%        2d7       28%         1

Your spell library contained the following spells:

 Spells                   Type           Power      Damage    Failure   Level
 Momentum Strike          Conj/Tloc      10%        3d8       41%         2
 Hailstorm                Conj/Ice       5%         3d4       65%         3


Dungeon Overview and Level Annotations

Branches:
Dungeon (1/15)


Innate Abilities, Weirdness & Mutations

You have an increased reservoir of magic. (+10% MP)
You shall have no god before yourself.
Your divine heritage dramatically boosts your attributes as you level up.


Message History

The quokka is lightly wounded.
The quokka barely misses you.
The quokka bites you but does no damage.
You barely miss the quokka. The quokka bites you.
You miss the quokka. The quokka bites you. x2
You hit the quokka.
You kill the quokka!
Your Fighting skill increases to level 2!
You start resting.
HP restored.
You see here a quokka corpse.
Found a short sword.
Unknown command.
You now have 32 gold pieces (gained 3).
You now have 37 gold pieces (gained 5).
A hobgoblin comes into view.
A quokka and a rat come into view.
The rat barely misses you. The quokka closely misses you.
You closely miss the quokka.
The quokka bites you but does no damage.
The rat bites you.
You miss the quokka. The quokka bites you. The rat barely misses you.
The quokka closely misses you. The rat barely misses you.
The rat attacks as you move away! The rat bites you.
You barely miss the hobgoblin. The quokka bites you. The hobgoblin hits you.
You closely miss the hobgoblin. The quokka bites you.
The hobgoblin barely misses you. The rat bites you.
* * * LOW HITPOINT WARNING * * *
The quokka bites you but does no damage.
You hit the hobgoblin but do no damage. The quokka bites you.
* * * LOW HITPOINT WARNING * * *
The hobgoblin hits you.
* * * LOW HITPOINT WARNING * * *
The rat barely misses you.
You aren't carrying any potions.
As you read the scroll labelled MAZXAIC KOULL, it crumbles to dust.
The scroll dissolves into smoke.
It was a scroll of fog.
The quokka barely misses you. The hobgoblin closely misses you.
The rat closely misses you. The quokka bites you.
You die...

#.. ## .#
##..........
...##. ##.
#...........
##....##..
#...........
.........#
#...........
.........#
#...........
.........#
#...........
......§§§#
.##..........
......§rr#
#.###.....#...
..######@# #.#
###.###..#
#g###.#####†#
##.#
#§##......#.#
#.#
#.#.........#
#.#
#...........#
#.#
#....)......#
#.#
#...........#
#.#
#...........#
#.#
#...........#


You could see a quokka, a hobgoblin and a rat.

Vanquished Creatures
  An endoplasm (D:1)
  A kobold (D:1)
  A quokka (D:1)
3 creatures vanquished.

Notes
Turn   | Place    | Note
-------+----------+-------------------------------------------
     0 | D:1      | Armakuni the Demigod Reaver began the quest for the Orb.
     0 | D:1      | Reached XP level 1. HP: 17/17 MP: 5/5
   158 | D:1      | Slain by a quokka

Illustrated notes

Levels and vault maps discovered:
D:1:      nicolae_arrival_washed_ashore, layout_rooms,
          shapermc_ecumenical_altar_mp_vishouse, minivault_11,
          minmay_fountain_box

Skill      XL: |  1 |
---------------+----+-----
Fighting       | 2 |  2.0
Maces & Flails | |  2.8
Dodging        | |  1.7
Spellcasting   | |  1.7
Conjurations   | |  2.6

Action                     || total
---------------------------++-------
  Melee: Mace              ||    14
    Use: Scroll            ||     1
 Armour: Ring mail         ||     5
  Dodge: Dodged            ||    11
